Cogmind - Beta 17 @@@ ROGUE MODE // 2026.06.24 @ 00:49:40 Player: KURIIRI Result: Self-destructed Performance ------------- Evolutions (4) 2000 Regions Visited (15) 3000 Robots Destroyed (271) 1355 Value Destroyed (11680) 11680 Prototype IDs (37) 740 Alien Tech Used (0) 0 Bonus (17978) 17978 TOTAL SCORE: 36753 Bonus ------- High Alert Combat Kills 3229 Follower Combat Kills 905 Prayed to X0-1V1 5000 Major X0-1V1 Interference 7800 Entered Garrisons 800 Aligned with FarCom 300 Friendly Fire -56 Cogmind --------- Core Integrity 604/670 Matter 242/300 Energy 260/350 System Corruption 0% Temperature Hot (229) Movement Treading (285) Ox2 Location -6/Garrison Parts ------- > --- POWER (1) -------- Cooled Fission Core > --- PROPULSION (5) --- Light Treads Armored Treads Spiked Medium Treads > --- UTILITY (4) ------ Improved Heat Sink Coolant Injector Huge Storage Unit > --- WEAPON (6) ------- High-powered Shock Rifle Heavy Tesla Rifle Heavy Assault Rifle Improved Assault Rifle Railgun > --- INVENTORY (25) --- Improved Ion Engine Cooled Ion Engine Fission Core Reinforced Antimatter Reactor Light Treads Light Treads Light Treads Light Treads Advanced Cryofiber Web Medium Matter Pod (100) Improved Targeting Computer Tactical Coordination Suite Layered Medium Armor Plating Heavy Reactive Plating Improved Hardlight Generator Plasma Cannon Neutron Cannon Gauss Rifle Field Lobotomy Kit (4) Power Sword Peak State ------------ > --- POWER ------------ Cooled Fission Core > --- PROPULSION ------- Light Treads Light Treads Armored Treads Medium Treads Spiked Medium Treads > --- UTILITY ---------- Huge Storage Unit Heavy Reflective Plating X0-1V1's Piety Tracker > --- WEAPON ----------- High-powered Shock Rifle Tesla Rifle Heavy Tesla Rifle Heavy Assault Rifle Improved Assault Rifle Railgun > --- INVENTORY -------- Improved Ion Engine Cooled Ion Engine Fission Core Reinforced Antimatter Reactor Light Treads Light Treads Light Treads Light Treads Advanced Cryofiber Web Improved Heat Sink Coolant Injector Medium Matter Pod Improved Targeting Computer Tactical Coordination Suite Layered Medium Armor Plating Heavy Reactive Plating Improved Hardlight Generator Plasma Cannon Neutron Cannon Gauss Rifle Field Lobotomy Kit Power Sword [Rating: 85] Favorites ----------- Power Fission Core Engine Improved Deuterium Engine Power Core Fission Core Propulsion Light Treads Treads Light Treads Leg Aluminum Leg Wheel Armored Huge Wheel Utility X0-1V1's Piety Tracker Device X0-1V1's Piety Tracker Storage Huge Storage Unit Processor Advanced Targeting Computer Hackware Hacking Suite Protection Hardened Medium Armor Plating Weapon Enhanced Autogun Energy Gun Improved EM Shotgun Energy Cannon Compact Ion Cannon Ballistic Gun Enhanced Autogun Ballistic Cannon Magnetic Acceleration Cannon Launcher Grenade Launcher Special Weapon Field Lobotomy Kit Impact Weapon Power Maul Slashing Weapon Katana Build | -11 -10 -10 -10 -9 -8 -8 -8 -8 -8 -8 -8 -8 -8 -6 -6 ------- Run | Yrd Mat Min Exi Min Mat Gar Mat Gar Mat Sto Gar Rec Scr Fac Gar Slots Evolved 8 | . . . . . 4 . . . . . . . . 4 . Power . | . . . . . . . . . . . . . . . . Propulsion 3 | . . . . . 2 . . . . . . . . 1 . Utility . | . . . . . . . . . . . . . . . . Weapon 5 | . . . . . 2 . . . . . . . . 3 . Parts Attached 124 | 1 9 4 . 2 20 7 10 13 12 8 8 7 7 11 5 Power 9 | . 1 1 . . 1 1 . . 2 1 . 1 . 1 . Engine 6 | . 1 1 . . 1 . . . 1 1 . 1 . . . Core 3 | . . . . . . 1 . . 1 . . . . 1 . Reactor . | . . . . . . . . . . . . . . . . Propulsion 40 | . 2 1 . 1 6 4 6 5 6 3 1 . 1 2 2 Treads 33 | . 2 1 . 1 4 2 5 5 5 3 . . 1 2 2 Leg 1 | . . . . . . . 1 . . . . . . . . Wheel 6 | . . . . . 2 2 . . 1 . 1 . . . . Hover . | . . . . . . . . . . . . . . . . Flight . | . . . . . . . . . . . . . . . . Utility 33 | 1 3 1 . . 4 . 2 1 2 . 6 6 2 3 2 Device 14 | 1 1 1 . . 1 . . 1 . . 3 2 1 2 1 Storage 5 | . 2 . . . 1 . . . 1 . . . 1 . . Processor 9 | . . . . . 2 . 2 . 1 . 1 3 . . . Hackware 1 | . . . . . . . . . . . . 1 . . . Protection 4 | . . . . . . . . . . . 2 . . 1 1 Artifact . | . . . . . . . . . . . . . . . . Weapon 42 | . 3 1 . 1 9 2 2 7 2 4 1 . 4 5 1 Energy Gun 7 | . 2 1 . 1 . . . . . . . . . 2 1 Energy Cannon 2 | . . . . . . . . . . 1 . . . 1 . Ballistic Gun 25 | . . . . . 8 2 1 5 2 2 1 . 2 2 . Ballistic Cannon 1 | . . . . . . . . . . . . . 1 . . Launcher 3 | . 1 . . . 1 . 1 . . . . . . . . Special Weapon 2 | . . . . . . . . 1 . . . . 1 . . Impact Weapon 1 | . . . . . . . . 1 . . . . . . . Slashing Weapon 1 | . . . . . . . . . . 1 . . . . . Piercing Weapon . | . . . . . . . . . . . . . . . . Special Melee Weapon . | . . . . . . . . . . . . . . . . Unidentified Prototypes 11 | . 2 . . . 4 . . . . 2 . . . 3 . Corrupted Parts 1 | . . . . . . 1 . . . . . . . . . System Corruption 3 | . . . . . . 3 . . . . . . . . . Parts Lost 44 | . . 4 . . 5 2 2 14 3 . 4 . . . 10 Power 3 | . . 1 . . 1 . . 1 . . . . . . . Propulsion 17 | . . 1 . . 3 2 . 6 1 . . . . . 4 Utility 9 | . . 1 . . 1 . . 1 . . 3 . . . 3 Weapon 15 | . . 1 . . . . 2 6 2 . 1 . . . 3 Highest Loss Streak 5 | . . 3 . . 3 1 1 4 1 . 3 . . . 5 To Critical Strikes 2 | . . . . . 2 . . . . . . . . . . Average Backups 19 | 6 13 14 14 13 14 23 21 15 19 23 22 24 24 22 23 Power . | 1 1 . . . . . . . . 1 1 2 3 3 3 Propulsion 4 | 4 2 3 3 3 2 4 2 . 2 5 7 8 8 7 5 Utility 6 | . 1 2 2 2 5 9 8 9 9 9 6 5 6 6 8 Weapon 7 | 1 8 8 9 7 6 9 9 5 6 7 5 6 5 5 5 Tool/Special . | . . . . . . . . . . . . . . . . Unused Backups 25 | . 3 . . . . . 6 . 1 . . 1 1 2 11 Power 2 | . . . . . . . . . . . . . . . 2 Propulsion 7 | . . . . . . . 5 . . . . . . . 2 Utility 7 | . 1 . . . . . 1 . 1 . . . . . 4 Weapon 8 | . 2 . . . . . . . . . . 1 1 1 3 Tool/Special 1 | . . . . . . . . . . . . . . 1 . Average Slot Usage (%) 91 | . 99 97 71 99 97 97 97 80 90 99 93 86 70 87 89 Engine 6 | . 14 13 14 14 8 3 . . 3 7 8 8 8 1 . Core 1 | . . . . . . 4 8 . 4 . . . . 4 6 Treads 25 | . 26 27 28 28 25 22 32 22 37 41 23 16 16 18 23 Wheel 4 | . . . . . 6 8 2 4 . . 5 8 8 6 2 Device 10 | . 13 13 14 14 7 8 8 6 8 8 14 15 15 11 10 Storage 9 | . 14 14 14 14 8 8 8 7 8 8 8 8 8 6 6 Processor 4 | . . . . . 6 8 8 7 8 8 1 . . . . Energy Gun 4 | . 24 25 . 27 . 1 . 1 . . . . . 5 6 Ballistic Gun 19 | . 1 . . . 33 31 27 26 18 23 19 18 4 27 26 Peak Build Rating 85 | 7 25 25 22 27 43 54 61 61 46 51 56 56 54 83 85 Average Rating 43 | 6 14 23 19 26 36 46 58 50 39 46 52 54 47 75 75 On Entrance 39 | 6 7 25 23 20 27 41 54 58 43 39 49 55 46 54 79 Avg Prop Armor Cover (%) 16 | . . . . . 18 17 8 15 2 . 14 16 24 14 11 Naked Turns . | . . . . . . . . . . . . . . . . Heaviest Build 127 | 15 32 32 24 30 101 105 105 111 101 100 114 116 108 127 127 Greatest Support 116 | 20 40 40 40 43 83 28 112 104 110 100 100 28 28 28 116 Greatest Overweight (x) 6 | . 1 1 . . 6 6 3 3 1 . 4 4 3 4 4 Average Overweight (x) 2 | . . . . . 4 5 . 2 . . 3 3 3 3 2 Largest Inventory Capacity 25 | 8 15 15 15 15 25 25 25 25 25 25 25 25 25 25 25 Average Capacity 22 | 8 13 15 15 15 22 25 25 25 25 25 25 25 25 25 25 Most Carried 25 | 7 15 15 15 14 21 25 25 21 22 25 25 25 25 25 25 Average Carried 19 | 6 13 14 14 13 14 23 22 15 19 23 22 24 24 23 24 Final Capacity 25 | 8 15 15 15 15 25 25 25 25 25 25 25 25 25 25 25 Final Carried 25 | 7 15 13 15 14 21 25 21 16 22 24 23 25 23 25 21 Class Distribution -------------------- 35% | Mutant 25% | Scavenger-Skirmisher 21% | Skirmisher 5% | Executioner 4% | Scavenger-Mutant 4% | Scavenger-Tank Dominant Class ---------------- Mutant | -10/Materials Mutant | -10/Mines Mutant | -10/Exiles Mutant | -9/Mines Skirmisher | -8/Materials Scavenger-Skirmisher | -8/Garrison Skirmisher | -8/Materials Scavenger-Skirmisher | -8/Garrison Scavenger-Mutant | -8/Materials Scavenger-Skirmisher | -8/Storage Mutant | -8/Garrison Mutant | -8/Recycling Mutant | -8/Scraptown Executioner | -6/Factory Executioner | -6/Garrison Resources | -11 -10 -10 -10 -9 -8 -8 -8 -8 -8 -8 -8 -8 -8 -6 -6 ----------- Run | Yrd Mat Min Exi Min Mat Gar Mat Gar Mat Sto Gar Rec Scr Fac Gar Matter Collected 9646 | 301 235 95 . 114 1286 1086 1760 1149 753 315 1439 243 554 . 316 Remotely . | . . . . . . . . . . . . . . . . Salvage Created 10847 | 176 679 204 . 26 1246 1206 2178 1287 1066 491 1345 350 . . 593 Parts 616 | 7 46 11 . 5 69 71 121 71 71 37 68 16 . . 23 Haulers Intercepted 12 | . 2 . . . 2 . 4 . 3 1 . . . . . Recyclers Shooed 8 | . . . . . 2 . 3 . . 1 . 2 . . . Parts Field Recycled . | . . . . . . . . . . . . . . . . Retrieved Matter . | . . . . . . . . . . . . . . . . Parts Self-Destructed . | . . . . . . . . . . . . . . . . Prevented . | . . . . . . . . . . . . . . . . Parts Restored . | . . . . . . . . . . . . . . . . Kills | -11 -10 -10 -10 -9 -8 -8 -8 -8 -8 -8 -8 -8 -8 -6 -6 ------- Run | Yrd Mat Min Exi Min Mat Gar Mat Gar Mat Sto Gar Rec Scr Fac Gar Combat Hostiles Destroyed 221 | . 18 12 . . 17 27 37 31 19 10 36 4 . . 10 Melee 4 | . . . . . . . . 1 . 1 . 2 . . . Guns 171 | . 10 . . . 14 20 33 30 19 7 26 2 . . 10 AOE 46 | . 8 12 . . 3 7 4 . . 2 10 . . . . Classes Destroyed 19 | 2 6 2 . 1 2 2 . 4 . . . . . . . Worker 5 | . . . . 1 3 . 1 . . . . . . . . Builder 7 | . 1 . . 1 1 . 2 . 1 1 . . . . . Tunneler 6 | 4 . 1 . . 1 . . . . . . . . . . Hauler 12 | . 2 . . . 2 . 4 . 3 1 . . . . . Recycler 12 | 1 . 1 . . 3 . 2 . 1 2 . 2 . . . Operator 5 | . 1 . . . 1 . 2 . . 1 . . . . . Watcher 9 | . 2 . . . 2 . 3 . 1 1 . . . . . Swarmer 46 | . 9 3 . . 3 7 3 3 7 7 4 . . . . Cutter 5 | . . . . . . . . 3 . . 2 . . . . Saboteur 3 | . . . . . . . . 3 . . . . . . . Grunt 89 | . 9 . . . 7 10 23 11 6 3 15 1 . . 4 Brawler 5 | . . . . . 1 . 1 . . . 1 . . . 2 Duelist 2 | . . . . . . 1 1 . . . . . . . . Sentry 42 | . . 1 . . 5 5 7 8 5 . 8 3 . . . Specialist 4 | . . . . . . 1 2 . 1 . . . . . . Hunter 9 | . . . . . 1 2 1 1 1 . 1 . . . 2 Programmer 7 | . . . . . . . . 1 . . 5 . . . 1 Behemoth 2 | . . . . . . . . 1 . . . . . . 1 Assembled 8 | . . 8 . . . . . . . . . . . . . Thug 1 | . . . . . . 1 . . . . . . . . . Best Kill Streak 15 | 2 6 8 . 1 5 13 11 4 15 6 13 3 . . 4 Combat Bots Only 13 | . 5 8 . . 3 13 11 4 5 5 13 1 . . 4 Max Kills in Single Turn 3 | 1 2 2 . 1 3 3 3 2 2 2 2 1 . . 2 Gunslinging 2 | . 1 . . . . 1 2 1 1 . 1 . . . 1 Exploded 3 | . 2 2 . . 2 3 2 . . 2 2 . . . . Melee 1 | . . . . . . . . 1 . 1 . 1 . . . Uniques/NPCs Destroyed . | . . . . . . . . . . . . . . . . Combat | -11 -10 -10 -10 -9 -8 -8 -8 -8 -8 -8 -8 -8 -8 -6 -6 -------- Run | Yrd Mat Min Exi Min Mat Gar Mat Gar Mat Sto Gar Rec Scr Fac Gar Hostile Shots Fired 828 | . 57 24 . . 55 60 133 122 72 35 106 50 . . 114 Missed 237 | . 22 4 . . 8 20 40 36 27 11 26 16 . . 27 Hits 591 | . 35 20 . . 47 40 93 86 45 24 80 34 . . 87 Melee 8 | . . 1 . . . . . 3 . . 4 . . . . Projectile 583 | . 35 19 . . 47 40 93 83 45 24 76 34 . . 87 AOE 5 | . . . . . . . . 3 . . 2 . . . . Critical Strikes 29 | . 1 . . . 6 1 3 5 . . 5 1 . . 7 Damage Taken 8838 | . 335 366 . . 699 619 1443 1595 603 215 1082 221 . . 1660 Core 634 | . 45 43 . . 93 50 98 156 . 23 48 12 . . 66 Absorbed by Shields 465 | . . . . . . . . . . . 264 201 . . . Ignored by Resistances 129 | . . . . . . . . 24 . . 3 . . . 102 Regen/Repaired (Parts) 169 | . . . . . . . 169 . . . . . . . . Core Remaining (%) 82 | 100 . . . 64 . . . . . . . . 83 . . Volleys Fired 611 | 16 35 20 . 1 56 91 122 79 44 25 81 8 . . 33 Largest 6 | 2 2 2 . 2 4 4 4 6 3 3 3 3 . . 6 Hottest 276 | 40 90 90 . 90 96 118 103 157 86 81 81 75 . . 276 Shots Fired 1649 | 32 58 25 . 3 203 240 348 237 113 64 183 27 . . 116 Gun 1595 | 32 50 16 . 3 198 235 340 233 113 63 169 27 . . 116 Cannon . | . . . . . . . . . . . . . . . . Launcher 53 | . 8 9 . . 5 5 8 3 . 1 14 . . . . Special 1 | . . . . . . . . 1 . . . . . . . Kinetic 1471 | 32 . . . . 198 213 340 226 113 63 169 27 . . 90 Thermal . | . . . . . . . . . . . . . . . . Explosive 53 | . 8 9 . . 5 5 8 3 . 1 14 . . . . Electromagnetic 124 | . 50 16 . 3 . 22 . 7 . . . . . . 26 Robot Hit Streak 26 | 4 18 7 . 3 21 26 25 21 17 22 17 5 . . 25 Robot Miss Streak 5 | 2 5 2 . 3 3 2 3 5 5 4 5 3 . . 1 Penetration Max 1 | . . . . . . . 1 1 1 1 1 . . . 1 Secondary Targets 39 | . 2 . . . 1 4 7 8 4 . 7 1 . . 5 Max Gunslinging Chain 2 | . 1 . . . 1 1 2 2 1 . 1 1 . . 1 Shots Hit Robots 1079 | 17 35 9 . 2 128 152 232 151 68 33 131 31 . . 90 Core Hits 544 | 6 38 35 . 2 56 64 102 60 35 20 79 13 . . 34 Critical Kills 3 | . . . . . . 1 . . 2 . . . . . . Critical Parts Destroyed 13 | . . . . . . . 5 3 2 1 1 . . . 1 Critical Strikes 19 | . . . . . . 1 5 3 4 2 1 2 . . 1 Destroy 16 | . . . . . . 1 5 3 4 1 1 . . . 1 Sever 3 | . . . . . . . . . . 1 . 2 . . . Melee Attacks 70 | . . . . . . . . 13 . 5 36 16 . . . Impact 13 | . . . . . . . . 13 . . . . . . . Slashing 57 | . . . . . . . . . . 5 36 16 . . . Piercing . | . . . . . . . . . . . . . . . . Sneak Attacks 7 | . . . . . . . . . . 2 . 5 . . . Combat Hostiles . | . . . . . . . . . . . . . . . . Follow-up Attacks . | . . . . . . . . . . . . . . . . Damage Inflicted 26100 | 215 1221 1098 . 29 2229 2670 5317 3176 1711 1012 4588 1012 . . 1822 Guns 19019 | 215 555 166 . 24 1902 2169 4244 3022 1711 692 2150 347 . . 1822 Cannons 40 | . . . . . . . 40 . . . . . . . . Explosions 4933 | . 653 912 . . 327 501 1033 154 . 133 1220 . . . . Melee 2030 | . . . . . . . . . . 182 1214 634 . . . Ramming 78 | . 13 20 . 5 . . . . . 5 4 31 . . . Kinetic 17682 | 215 . . . . 1902 2113 4244 2945 1711 692 2150 347 . . 1363 Thermal 411 | . 175 116 . . . 33 40 47 . . . . . . . Explosive 4562 | . 478 796 . . 327 468 1033 107 . 133 1220 . . . . Electromagnetic 1337 | . 555 166 . 24 . 56 . 77 . . . . . . 459 Impact . | . . . . . . . . . . . . . . . . Slashing 2030 | . . . . . . . . . . 182 1214 634 . . . Piercing . | . . . . . . . . . . . . . . . . Highest Corruption 19 | . . 2 2 2 4 16 16 17 . 4 19 19 . . . Average Corruption 12 | . . 2 2 2 3 9 16 17 . 4 10 19 . . . Corruption Purged . | . . . . . . . . . . . . . . . . Corruption Blocked . | . . . . . . . . . . . . . . . . Effects 273 | . . 2 5 5 3 45 79 39 . 3 45 47 . . . Message Errors 58 | . . . 2 . 1 9 14 10 . 1 10 11 . . . Matter Fused 57 | . . . . 2 . 11 18 6 . . 9 11 . . . Heat Flow Errors 37 | . . . 2 . 1 4 13 3 . . 6 8 . . . Energy Discharges 29 | . . 1 . 1 . 6 7 6 . 1 4 3 . . . Parts Rejected 3 | . . . . . . 1 1 1 . . . . . . . Parts Fused 7 | . . . . . . 2 . 1 . 1 2 1 . . . Data Loss (minor) 26 | . . 1 1 1 . 4 7 3 . . 5 4 . . . Data Loss (major) 14 | . . . . . 1 2 4 1 . . 2 4 . . . Misfires 9 | . . . . 1 . 1 1 1 . . 2 3 . . . Alerts 4 | . . . . . . 2 1 1 . . . . . . . Misdirections 2 | . . . . . . . . 1 . . . 1 . . . Weapon Failures 27 | . . . . . . 3 13 5 . . 5 1 . . . Overload Shots . | . . . . . . . . . . . . . . . . Overflow Damage 247 | . . 17 . . . 10 . 18 . 20 144 38 . . . Projectiles . | . . . . . . . . . . . . . . . . Explosions 167 | . . 17 . . . 10 . 18 . . 122 . . . . Melee 80 | . . . . . . . . . . 20 22 38 . . . Knockbacks 1 | . . 1 . . . . . . . . . . . . . Impact 1 | . . 1 . . . . . . . . . . . . . Kinetic . | . . . . . . . . . . . . . . . . Secondary . | . . . . . . . . . . . . . . . . Self-Inflicted Damage 135 | . . 70 . . . 24 . 26 . . . 15 . . . Shots 5 | . . 3 . . . 1 . 1 . . . . . . . Rammed 8 | . 2 1 . 1 . . . . . 1 1 2 . . . Targets Rammed 9 | . 2 2 . 1 . . . . . 1 1 2 . . . Kicked . | . . . . . . . . . . . . . . . . Crushed 1 | . . 1 . . . . . . . . . . . . . Highest Temperature 475 | . 174 88 178 30 246 302 360 475 174 48 275 276 . . 461 Average Temperature 73 | . 45 34 83 14 62 96 86 77 42 20 49 104 . . 95 Received Heat Transfer 2915 | . 123 116 . . 198 216 603 480 171 36 433 101 . . 438 Effects 5 | . . . . . . 1 3 1 . . . . . . . Shutdowns 1 | . . . . . . . 1 . . . . . . . . Energy Bleed 1 | . . . . . . . . 1 . . . . . . . Interference 3 | . . . . . . 1 2 . . . . . . . . Siege Activations . | . . . . . . . . . . . . . . . . Martial Activations . | . . . . . . . . . . . . . . . . Shielding Activations . | . . . . . . . . . . . . . . . . Robots Disrupted . | . . . . . . . . . . . . . . . . Combat Hostiles . | . . . . . . . . . . . . . . . . Robots Corrupted . | . . . . . . . . . . . . . . . . Combat Hostiles . | . . . . . . . . . . . . . . . . Parts Fried 5 | . 3 . . . . . . . . . . . . . 2 Impact Corruptions 1 | . . . . . . . . . . . . 1 . . . Robots Melted . | . . . . . . . . . . . . . . . . Combat Hostiles . | . . . . . . . . . . . . . . . . Parts Melted 3 | . . . . . 1 2 . . . . . . . . . Heat Transferred 437 | . 150 150 . . . 50 37 50 . . . . . . . Parts Sabotaged 3 | . . . . . . . . 3 . . . . . . . Parts Stolen . | . . . . . . . . . . . . . . . . Parts Stripped . | . . . . . . . . . . . . . . . . Power Chain Reactions 6 | . 3 1 . . . 1 . 1 . . . . . . . Alert | -11 -10 -10 -10 -9 -8 -8 -8 -8 -8 -8 -8 -8 -8 -6 -6 ------- Run | Yrd Mat Min Exi Min Mat Gar Mat Gar Mat Sto Gar Rec Scr Fac Gar Maximum Alert Level 5 | . 1 . . . 1 4 4 5 4 2 4 3 . . 1 Low Security (%) 36 | 100 82 100 . 100 95 14 . . . 27 2 . . 100 48 Level 1 6 | . 17 . . . 4 2 . . . 53 11 . . . 51 Level 2 12 | . . . . . . 22 40 . . 18 9 40 . . . Level 3 20 | . . . . . . 59 27 8 29 . 28 59 . . . Level 4 20 | . . . . . . 1 31 56 70 . 48 . . . . Level 5 4 | . . . . . . . . 35 . . . . . . . High Security . | . . . . . . . . . . . . . . . . Max Security . | . . . . . . . . . . . . . . . . Sterilizations 1 | . . . . . . . . . 1 . . . . . . Peak Influence 1904 | 10 305 118 . 6 243 1152 1520 1904 1261 484 1534 814 . . 235 Initial 966 | . . 116 . . . 81 561 966 928 469 179 690 . . 9 Average 638 | 2 116 35 . . 128 690 946 1485 1128 263 956 715 . . 163 Influence Increases 8569 | 25 689 263 . 16 725 1111 1532 1098 603 321 1475 366 . 14 331 Destroy 0b10 Robot/C 4800 | . 360 140 . . 440 600 920 620 400 200 800 120 . . 200 Destroy 0b10 Robot/NC 300 | 25 30 10 . 10 65 5 70 . 30 30 10 15 . . . Destroy Leader 772 | . 88 20 . . 128 30 224 20 118 34 60 10 . . 40 Allied During Kill 199 | . . 15 . . 15 19 80 . 24 . 37 9 . . . Successful Hack 142 | . 4 12 . 6 11 28 2 14 . 10 28 13 . 14 . Select Force Hacks 210 | . 30 . . . 30 . 30 . . . . 120 . . . Disable Machine 360 | . 90 15 . . . 15 90 30 15 30 45 30 . . . Anti-Garrison Action 1000 | . . . . . . 300 . 300 . . 350 . . . 50 Destroy Structure 576 | . 72 51 . . 36 69 41 114 1 17 100 49 . . 26 Partial Spotted 15 | . 15 . . . . . . . . . . . . . . Lose Combat Pursuer 195 | . . . . . . 45 75 . 15 . 45 . . . 15 Influence Decreases 8349 | 25 390 444 118 16 600 84 1197 681 1396 1156 217 1254 646 . 125 Entered New Map 4667 | . . 183 118 . . 44 591 521 976 642 97 844 646 . 5 Time Decay 2700 | 25 390 219 . 16 530 . 546 . 350 214 . 410 . . . Lost Part 440 | . . 40 . . 50 20 20 140 30 . 40 . . . 100 Lost Ally 242 | . . 2 . . 20 20 40 20 40 . 80 . . . 20 Purge Threat 300 | . . . . . . . . . . 300 . . . . . Squads Dispatched 31 | . 3 2 . 1 7 . 14 . 1 1 . 1 . 1 . Investigation 13 | . 2 1 . . 2 . 6 . . . . 1 . 1 . Extermination . | . . . . . . . . . . . . . . . . Reinforcement 12 | . 1 . . 1 2 . 7 . 1 . . . . . . Assault 2 | . . 1 . . . . 1 . . . . . . . . Garrison 4 | . . . . . 3 . . . . 1 . . . . . Intercept . | . . . . . . . . . . . . . . . . Searches Triggered . | . . . . . . . . . . . . . . . . Construction Impeded 3 | . . . . . 1 . 2 . . . . . . . . Haulers Reinforced . | . . . . . . . . . . . . . . . . Active Scanning Responses . | . . . . . . . . . . . . . . . . Cargo Convoy Interrupts . | . . . . . . . . . . . . . . . . Stealth | -11 -10 -10 -10 -9 -8 -8 -8 -8 -8 -8 -8 -8 -8 -6 -6 --------- Run | Yrd Mat Min Exi Min Mat Gar Mat Gar Mat Sto Gar Rec Scr Fac Gar Distress Signals 8 | . 1 . . . 1 . 4 . 2 . . . . . . Communications Jammed . | . . . . . . . . . . . . . . . . Distress Signals . | . . . . . . . . . . . . . . . . Times Spotted 290 | . 21 24 . 1 26 25 59 37 19 13 37 6 . . 22 Peak Tracking Total 16 | . 5 16 . 1 4 7 7 4 5 4 5 3 . . 13 Tactical Retreats 9 | . . . . . . 1 5 . 1 . 1 . . . 1 Traps | -11 -10 -10 -10 -9 -8 -8 -8 -8 -8 -8 -8 -8 -8 -6 -6 ------- Run | Yrd Mat Min Exi Min Mat Gar Mat Gar Mat Sto Gar Rec Scr Fac Gar Traps Triggered 20 | . 3 . . . 3 5 2 4 1 . 2 . . . . Indirectly . | . . . . . . . . . . . . . . . . Trap Hack Attempts . | . . . . . . . . . . . . . . . . Triggered . | . . . . . . . . . . . . . . . . Disarmed . | . . . . . . . . . . . . . . . . Reprogrammed . | . . . . . . . . . . . . . . . . Reused . | . . . . . . . . . . . . . . . . Traps Extracted . | . . . . . . . . . . . . . . . . Installed . | . . . . . . . . . . . . . . . . Triggered . | . . . . . . . . . . . . . . . . Machines | -11 -10 -10 -10 -9 -8 -8 -8 -8 -8 -8 -8 -8 -8 -6 -6 ---------- Run | Yrd Mat Min Exi Min Mat Gar Mat Gar Mat Sto Gar Rec Scr Fac Gar Machines Disabled 41 | . 6 1 . . . 6 6 6 1 2 9 2 . . 2 Max in Single Turn 3 | . 3 1 . . . 1 1 1 1 1 1 1 . . 1 Garrison Relay 14 | . . . . . . 4 . 4 . . 5 . . . 1 Machines Repaired . | . . . . . . . . . . . . . . . . Machines Dismantled . | . . . . . . . . . . . . . . . . Machines Sabotaged . | . . . . . . . . . . . . . . . . Overloaded Fab Kills . | . . . . . . . . . . . . . . . . Hacking | -11 -10 -10 -10 -9 -8 -8 -8 -8 -8 -8 -8 -8 -8 -6 -6 --------- Run | Yrd Mat Min Exi Min Mat Gar Mat Gar Mat Sto Gar Rec Scr Fac Gar Machines Accessed 49 | . 5 1 2 1 6 3 7 2 . 8 3 10 . 1 . Terminals 33 | . 4 1 . 1 2 3 4 2 . 7 3 6 . . . Fabricators . | . . . . . . . . . . . . . . . . Repair Stations 1 | . . . . . . . 1 . . . . . . . . Recycling Units 7 | . 1 . . . 1 . 1 . . . . 4 . . . Scanalyzers 2 | . . . . . 2 . . . . . . . . . . Garrison Access 4 | . . . . . 1 . 1 . . 1 . . . 1 . Total Hacks 99 | . 8 3 6 1 16 3 15 3 . 17 3 22 . 2 . Successful 49 | . 4 3 6 1 8 2 4 1 . 9 3 7 . 1 . Failed 47 | . 3 . . . 7 1 11 2 . 8 . 14 . 1 . Catastrophic 10 | . . . . . . 1 4 . . . . 4 . 1 . Database Lockouts 3 | . 1 . . . 1 . . . . . . 1 . . . Manual 58 | . 8 3 1 2 8 . 8 . . 7 . 21 . . . Terminals 65 | . 5 3 . 1 6 3 7 3 . 16 3 18 . . . Fabricators . | . . . . . . . . . . . . . . . . Repair Stations 3 | . . . . . . . 3 . . . . . . . . Recycling Units 11 | . 3 . . . 2 . 2 . . . . 4 . . . Scanalyzers 5 | . . . . . 5 . . . . . . . . . . Garrison Access 9 | . . . . . 3 . 3 . . 1 . . . 2 . Terminal Hacks 29 | . 3 3 6 1 . 2 . 1 . 7 3 3 . . . Record 5 | . . . 5 . . . . . . . . . . . . Robot Schematic 1 | . . . . . . . . . . . . 1 . . . Robot Analysis 8 | . 2 3 . 1 . . . . . . . 2 . . . Prototype ID Bank 1 | . 1 . . . . . . . . . . . . . . Open Door 5 | . . . . . . . . . . 4 1 . . . . Emergency Access Points 3 | . . . . . . 1 . 1 . . 1 . . . . Unreport Threat 2 | . . . . . . . . . . 2 . . . . . Zone Layout 1 | . . . . . . . . . . 1 . . . . . Garrison Registry 2 | . . . . . . 1 . . . . 1 . . . . Proto ID Catalog 1 | . . . 1 . . . . . . . . . . . . Fabricator Hacks . | . . . . . . . . . . . . . . . . Repair Station Hacks 2 | . . . . . . . 2 . . . . . . . . Scan Component 1 | . . . . . . . 1 . . . . . . . . Repair 1 | . . . . . . . 1 . . . . . . . . Recycling Unit Hacks . | . . . . . . . . . . . . . . . . Scanalyzer 3 | . . . . . 3 . . . . . . . . . . Retrieve Study 3 | . . . . . 3 . . . . . . . . . . Garrison Access Hacks 4 | . . . . . 1 . 1 . . 1 . . . 1 . Unlock Access 4 | . . . . . 1 . 1 . . 1 . . . 1 . Unauthorized Hacks 10 | . 1 . . . 3 . 1 . . 1 . 4 . . . Terminals 3 | . . . . . 2 . . . . 1 . . . . . Assimilate 1 | . . . . . . . . . . 1 . . . . . Botnet 1 | . . . . . 1 . . . . . . . . . . Operators 1 | . . . . . 1 . . . . . . . . . . Fabricators . | . . . . . . . . . . . . . . . . Repair Stations . | . . . . . . . . . . . . . . . . Recycling Units 7 | . 1 . . . 1 . 1 . . . . 4 . . . Tunnel 7 | . 1 . . . 1 . 1 . . . . 4 . . . Scanalyzers . | . . . . . . . . . . . . . . . . Garrison Access . | . . . . . . . . . . . . . . . . Data Cores Recovered 2 | . . . . . . . 1 . . 1 . . . . . Used 1 | . . . . . . . . . . 1 . . . . . Hacking Detections 32 | . 5 . . . 4 2 7 1 . 5 2 5 . 1 . Full Trace Events 7 | . . . . . 1 . 3 . . . . 2 . 1 . Feedback Events 1 | . . . . . . . 1 . . . . . . . . Corruption 1 | . . . . . . . 1 . . . . . . . . Feedback Blocked . | . . . . . . . . . . . . . . . . Robot Schematics Acquired 1 | . . . . . . . . . . . . 1 . . . Robots Built . | . . . . . . . . . . . . . . . . Authchips . | . . . . . . . . . . . . . . . . Time . | . . . . . . . . . . . . . . . . Total Robot Build Rating . | . . . . . . . . . . . . . . . . Part Schematics Acquired . | . . . . . . . . . . . . . . . . Parts Built . | . . . . . . . . . . . . . . . . Authchips . | . . . . . . . . . . . . . . . . Time . | . . . . . . . . . . . . . . . . Total Part Build Rating . | . . . . . . . . . . . . . . . . Part Studies Acquired 3 | . . . . . 3 . . . . . . . . . . Parts Repaired 1 | . . . . . . . 1 . . . . . . . . Time 44 | . . . . . . . 44 . . . . . . . . Parts Recycled . | . . . . . . . . . . . . . . . . Recycled Matter . | . . . . . . . . . . . . . . . . Retrieved Matter . | . . . . . . . . . . . . . . . . Retrieved Components . | . . . . . . . . . . . . . . . . Parts Scanalyzed . | . . . . . . . . . . . . . . . . Part Schematics Acquired . | . . . . . . . . . . . . . . . . Parts Damaged . | . . . . . . . . . . . . . . . . Bothacking | -11 -10 -10 -10 -9 -8 -8 -8 -8 -8 -8 -8 -8 -8 -6 -6 ------------ Run | Yrd Mat Min Exi Min Mat Gar Mat Gar Mat Sto Gar Rec Scr Fac Gar Used RIF Installer . | . . . . . . . . . . . . . . . . Robots Hacked . | . . . . . . . . . . . . . . . . Non-combat . | . . . . . . . . . . . . . . . . Combat . | . . . . . . . . . . . . . . . . Robot Hacks Applied . | . . . . . . . . . . . . . . . . Relay Couplers Released 51 | . . . . . . 14 . 16 . . 17 . . . 4 Machine Destruction 51 | . . . . . . 14 . 16 . . 17 . . . 4 Fabnet Peak Effective % . | . . . . . . . . . . . . . . . . Robots Rewired 6 | . . . . . . 2 . 3 . . . . . . 1 Allies Hacked . | . . . . . . . . . . . . . . . . Hacks Repelled . | . . . . . . . . . . . . . . . . Allies | -11 -10 -10 -10 -9 -8 -8 -8 -8 -8 -8 -8 -8 -8 -6 -6 -------- Run | Yrd Mat Min Exi Min Mat Gar Mat Gar Mat Sto Gar Rec Scr Fac Gar Total Allies 21 | . . 4 . 2 . 2 3 4 . . 4 1 . . 1 Largest Group 4 | . . 4 . 2 1 2 3 2 3 . 2 1 . . 1 Highest-Rated Group 116 | . . 71 . 45 31 62 48 85 72 . 59 116 . . 116 Highest-Rated Ally 116 | . . 31 . 31 31 31 16 85 24 . 39 116 . . 116 Initial Warlord ECA Mod 27 | . . . . . . . 8 8 16 16 16 27 27 25 25 Total Orders . | . . . . . . . . . . . . . . . . Ally Attacks 184 | . . 49 . . 27 13 50 8 13 . 18 2 . . 4 Total Damage 3333 | . . 562 . . 403 143 501 602 218 . 354 179 . . 371 Kills 37 | . . 12 . . 5 3 9 . 1 . 4 3 . . . Allies Corrupted 1 | . . 1 . . . . . . . . . . . . . Allies Melted . | . . . . . . . . . . . . . . . . Field Lobotomies 1 | . . . . . . . . 1 . . . . . . . X0-1V1 Amusement Gains 252 | . 12 50 . . 25 40 20 10 . . 30 10 . 45 10 Good Acts 57 | . . 3 . 1 9 3 11 6 2 5 9 6 . 1 1 Bad Acts 34 | . 1 1 . 1 . 4 6 6 2 1 4 5 . . 3 Intel | -11 -10 -10 -10 -9 -8 -8 -8 -8 -8 -8 -8 -8 -8 -6 -6 ------- Run | Yrd Mat Min Exi Min Mat Gar Mat Gar Mat Sto Gar Rec Scr Fac Gar Active Infowar (turns) 1706 | 15 834 . . . 851 . . . . . . 4 2 . . Optics 855 | . . . . . 851 . . . . . . 4 . . . Traps 2 | . . . . . . . . . . . . . 2 . . Seismic 849 | 15 834 . . . . . . . . . . . . . . Robot Analysis Total 8 | . 2 3 . 1 . . . . . . . 2 . . . Derelict Logs Recovered 2 | . . 2 . . . . . . . . . . . . . Drone Launches . | . . . . . . . . . . . . . . . . Drone Recoveries . | . . . . . . . . . . . . . . . . Exploration | -11 -10 -10 -10 -9 -8 -8 -8 -8 -8 -8 -8 -8 -8 -6 -6 ------------- Run | Yrd Mat Min Exi Min Mat Gar Mat Gar Mat Sto Gar Rec Scr Fac Gar Turns Passed 13778 | 112 1089 775 342 488 1595 1218 1567 1461 792 443 1230 999 1206 114 347 Spaces Moved 6641 | 19 575 445 213 286 771 531 725 647 215 200 513 518 819 55 109 Core . | . . . . . . . . . . . . . . . . Treads 2835 | . 533 445 213 286 117 . 485 191 215 200 107 . . . 43 Legs 61 | 19 42 . . . . . . . . . . . . . . Wheels 3745 | . . . . . 654 531 240 456 . . 406 518 819 55 66 Hover . | . . . . . . . . . . . . . . . . Flight . | . . . . . . . . . . . . . . . . Fastest Speed 120 | 120 120 160 160 160 130 145 145 145 160 160 145 145 145 145 160 Average Speed 161 | 120 157 161 160 160 174 172 155 165 178 163 160 153 145 159 189 Slowest Speed 243 | 120 240 240 160 160 190 180 160 243 210 166 230 160 145 160 240 Overloaded Moves . | . . . . . . . . . . . . . . . . Propulsion Burnouts . | . . . . . . . . . . . . . . . . Robots Hopped . | . . . . . . . . . . . . . . . . Potential Cave-ins . | . . . . . . . . . . . . . . . . Cave-ins Triggered . | . . . . . . . . . . . . . . . . Exploration Rate (%) 58 | 3 84 90 62 74 62 89 75 80 21 48 76 83 53 2 30 Regions Visited 15 Branch Regions 6 Pre-discovered Areas 9 | . 1 1 1 . 1 . 1 . . . . 4 . . . Known Exits Taken 6 | . . . 1 . 1 . 1 . . 1 . 1 . 1 . Unknown Exits Taken 6 | 1 1 1 . 1 . . . . 1 . . . 1 . . Scrap Searched 12 | . . 3 . 2 . . . . . . . . 7 . . Spaces Dug 20 | . . 5 . . 8 3 . 4 . . . . . . . Terrain Destroyed 340 | . 80 75 . . 34 20 38 28 2 11 46 6 . . . Melee 4 | . . . . . . . . 4 . . . . . . . Projectile 25 | . . . . . . . 17 7 1 . . . . . . AOE 309 | . 80 75 . . 34 20 21 17 . 11 45 6 . . . Terrain Rammed . | . . . . . . . . . . . . . . . . Walls Destroyed . | . . . . . . . . . . . . . . . . Machines Disabled . | . . . . . . . . . . . . . . . . Actions | -11 -10 -10 -10 -9 -8 -8 -8 -8 -8 -8 -8 -8 -8 -6 -6 --------- Run | Yrd Mat Min Exi Min Mat Gar Mat Gar Mat Sto Gar Rec Scr Fac Gar Total 8512 | 75 698 476 216 313 897 704 983 847 525 265 732 679 840 80 182 Wait 725 | 39 52 2 . 23 25 31 99 27 248 12 41 110 . . 16 Move 6629 | 18 574 444 212 285 770 530 725 646 214 200 512 517 818 55 109 Hop . | . . . . . . . . . . . . . . . . Pick Up 80 | 1 13 2 1 . 14 3 7 8 4 4 7 3 4 5 4 Fast Attach 58 | 1 4 1 . . 6 4 5 7 5 3 4 6 5 6 1 Attach 54 | . 2 3 . 2 8 1 5 13 1 1 6 . 2 3 7 Detach 10 | . . . 2 . . . . 1 1 1 3 . . 2 . Swap 96 | . 9 1 . 1 14 12 8 9 6 7 17 6 3 3 . Drop 72 | . 7 1 1 . 4 5 12 . 2 6 7 11 8 6 2 Fire 611 | 16 35 20 . 1 56 91 122 79 44 25 81 8 . . 33 Melee 70 | . . . . . . . . 13 . 5 36 16 . . . Ram 2 | . . . . . . . . . . . . 2 . . . Kick . | . . . . . . . . . . . . . . . . Crush 7 | . 2 2 . 1 . . . . . 1 1 . . . . Escape Stasis 56 | . . . . . . 24 . 16 . . 16 . . . . Rewire 42 | . . . . . . 3 . 28 . . 1 . . . 10 Trap . | . . . . . . . . . . . . . . . . Miscellaneous . | . . . . . . . . . . . . . . . . Route ------- -11/Scrapyard -10/Materials (discovered 5 exits: [*Mat x3] / *Min / [*Sub]) -10/Mines (discovered 4 exits: [*Mat x2] / *Exi / [*Sub]) -10/Exiles (discovered 2 exits: *Min x2) -9/Mines (discovered 2 exits: *Mat x2) -8/Materials (discovered 4 exits: [*Fac x2] / *Sto / Gar) -8/Garrison (discovered 3 exits: *Mat x3) -8/Materials (discovered 6 exits: [*Fac x3] / *Sto x2 / Gar) -8/Garrison (discovered 3 exits: [*Mat x3]) -8/Materials -8/Storage -8/Garrison (discovered 3 exits: *Rec x3) -8/Recycling (discovered 2 exits: *Fac / *Scr) -8/Scraptown -6/Factory (discovered 2 exits: [*Fac] / Gar) -6/Garrison History --------- Turn | Location | Event 13 | -11/Scrapyard | Discovered new exit (range 3) 113 | -11/Scrapyard | Entered Materials 151 | -10/Materials | Central database locked down 305 | -10/Materials | Build established: Mutant 491 | -10/Materials | Discovered new exit (range 8) 621 | -10/Materials | Discovered new exit (range 16) 678 | -10/Materials | Discovered new exit (range 8) 777 | -10/Materials | Discovered new exit (range 10) 957 | -10/Materials | Prayed at D.C.S.S. Altar Unit 1013 | -10/Materials | Derelicts attacked the area 1140 | -10/Materials | X0-1V1 vaporized surrounding terrain (radius 15) 1140 | -10/Materials | Discovered new exit (range 15) 1202 | -10/Materials | Entered Mines 1209 | -10/Mines | Met a Derelict testing a Signal Generator 1229 | -10/Mines | Met a Derelict bent on vengeance 1322 | -10/Mines | Joined a pair of Derelicts in attacking an 0b10 outpost 1407 | -10/Mines | Learned location of Zion (-7) 1620 | -10/Mines | Assisted by bots powering up and referring to "LRC-V3" 1655 | -10/Mines | Discovered new exit (range 5) 1708 | -10/Mines | Discovered new exit (range 10) 1729 | -10/Mines | Discovered new exit (range 10) 1861 | -10/Mines | Assembled infested the area 1902 | -10/Mines | Destroyed 8 combat bots 1909 | -10/Mines | Lost 3 parts (1p1n1u) 1945 | -10/Mines | Lost 3 allies 1969 | -10/Mines | Deemed a non-threat by the Exiles lab entrance 1971 | -10/Mines | Discovered new exit (range 5) 1977 | -10/Mines | Entered Exiles 1978 | -10/Exiles | Identified exit to Mines 2018 | -10/Exiles | Met 8R-AWN 2046 | -10/Exiles | Met EX-HEX 2090 | -10/Exiles | Met EX-BIN 2108 | -10/Exiles | Aligned with FarCom system 2110 | -10/Exiles | Given EX-Vault access code 2146 | -10/Exiles | Opened EX-Vault 2155 | -10/Exiles | Found Field Lobotomy Kit 2190 | -10/Exiles | Warned to stay clear of 0b10 Research branches 2233 | -10/Exiles | Met EX-DEC 2319 | -10/Exiles | Left Exiles lab with Field Lobotomy Kit 2319 | -10/Exiles | Entered Mines 2427 | -9/Mines | Found a hidden stash of uninstalled traps 2665 | -9/Mines | Discovered new exit (range 14) 2704 | -9/Mines | X0-1V1 announced a LAN party 2753 | -9/Mines | Discovered new exit (range 16) 2807 | -9/Mines | Entered Materials 2807 | -8/Materials | Accompanied by 1 ally 2807 | -8/Materials | Evolved 4 slots: Propulsion x2, Weapon x2 2812 | -8/Materials | Led the pair of lost Derelicts to an unsafe place 2827 | -8/Materials | Identified exit to Garrison 2922 | -8/Materials | Garrison activated, responded to threat 2955 | -8/Materials | X0-1V1 whisked you away to safety 2989 | -8/Materials | X0-1V1 activates XOMVISION 3015 | -8/Materials | Melee accuracy permanently improved by X0-1V1 (+8%) 3066 | -8/Materials | Lost 3 parts (1p2n) 3086 | -8/Materials | Discovered new exit (range 5) 3124 | -8/Materials | X0-1V1 foreshadows a heat wave 3127 | -8/Materials | Build established: Skirmisher 3159 | -8/Materials | Utility slot count permanently improved by X0-1V1 (+1) 3377 | -8/Materials | Ambient heat levels rising (+10) 3598 | -8/Materials | Central database locked down 3633 | -8/Materials | Ambient heat levels rising (+10) 3666 | -8/Materials | Discovered new exit (range 11) 3807 | -8/Materials | Ambient heat levels falling (-10) 3944 | -8/Materials | Build established: Scavenger-Skirmisher 4005 | -8/Materials | Ambient heat levels falling (-10) 4085 | -8/Materials | X0-1V1 downgraded hostiles (x1) 4212 | -8/Materials | Discovered new exit (range 5) 4402 | -8/Materials | Entered Garrison 4454 | -8/Garrison | Triggered checkpoint 4482 | -8/Garrison | Garrison Relay disabled 4568 | -8/Garrison | Triggered checkpoint 4583 | -8/Garrison | Triggered checkpoint 4654 | -8/Garrison | Destroyed 13 combat bots 4798 | -8/Garrison | Garrison Relay disabled 4868 | -8/Garrison | Triggered checkpoint 4978 | -8/Garrison | Discovered new exit (range 13) 5042 | -8/Garrison | X0-1V1 rewrote 1I-XAG(g) IFF filter 5067 | -8/Garrison | System corruption reached 10% 5242 | -8/Garrison | Discovered new exit (range 11) 5282 | -8/Garrison | Discovered new exit (range 66) 5282 | -8/Garrison | Discovered new exit (range 12) 5282 | -8/Garrison | Discovered new exit (range 41) 5314 | -8/Garrison | Triggered checkpoint 5384 | -8/Garrison | Garrison Relay disabled 5560 | -8/Garrison | Triggered checkpoint 5586 | -8/Garrison | Garrison Relay disabled 5620 | -8/Garrison | Entered Materials 5747 | -8/Materials | Build established: Skirmisher 5889 | -8/Materials | Discovered new exit (range 15) 6054 | -8/Materials | X0-1V1 mutated your Weapon slot to Propulsion slot 6072 | -8/Materials | EX resistance permanently improved by X0-1V1 (+10%) 6112 | -8/Materials | X0-1V1 announced a LAN party 6139 | -8/Materials | X0-1V1 sent you to a vault 6166 | -8/Materials | Discovered new exit (range 9) 6375 | -8/Materials | Discovered new exit (range 6) 6420 | -8/Materials | First assault squad dispatched 6583 | -8/Materials | X0-1V1 activates XOMVISION 6674 | -8/Materials | X0-1V1 whisked you away to safety 6706 | -8/Materials | Discovered new exit (range 8) 6818 | -8/Materials | Destroyed 11 combat bots 7016 | -8/Materials | Core integrity restored by X0-1V1 (+62) 7094 | -8/Materials | Repaired Med. Treads 7135 | -8/Materials | Discovered new exit (range 16) 7187 | -8/Materials | Identified exit to Garrison 7187 | -8/Materials | Entered Garrison 7195 | -8/Garrison | Weapon slot count temporarily expanded by X0-1V1 (+3) 7211 | -8/Garrison | X0-1V1 activates XOMVISION 7293 | -8/Garrison | Triggered checkpoint 7345 | -8/Garrison | Lost 4 parts (1p3w) 7408 | -8/Garrison | Triggered checkpoint 7525 | -8/Garrison | Triggered checkpoint 7537 | -8/Garrison | Garrison Relay disabled 7731 | -8/Garrison | Triggered checkpoint 7744 | -8/Garrison | Garrison Relay disabled 7768 | -8/Garrison | Discovered new exit (range 9) 7797 | -8/Garrison | Spotted B-75 Beast 7797 | -8/Garrison | Spotted B-75 Beast 7797 | -8/Garrison | X0-1V1 sent you into danger 7806 | -8/Garrison | Assimilated B-75 Beast with FLK Orb 7859 | -8/Garrison | Destroyed B-75 Beast 8033 | -8/Garrison | Triggered checkpoint 8125 | -8/Garrison | Garrison Relay disabled 8169 | -8/Garrison | Triggered checkpoint 8278 | -8/Garrison | Core integrity fell below 50% 8335 | -8/Garrison | Discovered new exit (range 11) 8465 | -8/Garrison | Triggered checkpoint 8524 | -8/Garrison | X0-1V1 vaporized surrounding terrain (radius 20) 8525 | -8/Garrison | Build established: Scavenger-Skirmisher 8527 | -8/Garrison | Triggered checkpoint 8546 | -8/Garrison | Discovered new exit (range 15) 8565 | -8/Garrison | Garrison Relay disabled 8648 | -8/Garrison | Entered Materials 8648 | -8/Materials | Accompanied by 3 allies 8698 | -8/Materials | X0-1V1 made a cryptic comment about sterilization and BL-4Z3 8791 | -8/Materials | Discovered new exit (range 15) 8811 | -8/Materials | Sterilization system engaged 8811 | -8/Materials | Non-combat units ordered to evacuate 8814 | -8/Materials | Lost 3 allies 8911 | -8/Materials | Combat units ordered to evacuate 9111 | -8/Materials | Ambient heat levels rising (+10) 9217 | -8/Materials | Build established: Scavenger-Mutant 9261 | -8/Materials | Ambient heat levels rising (+10) 9411 | -8/Materials | Ambient heat levels rising (+10) 9440 | -8/Materials | Entered Storage 9507 | -8/Storage | Core integrity restored by X0-1V1 (+59) 9766 | -8/Storage | Build established: Scavenger-Skirmisher 9802 | -8/Storage | Garrison activated, responded to threat 9815 | -8/Storage | Core integrity restored by X0-1V1 (+59) 9883 | -8/Storage | Identified exit to Garrison 9883 | -8/Storage | Entered Garrison 9927 | -8/Garrison | Rescued a captive Derelict 9929 | -8/Garrison | Rescued a captive Derelict 9934 | -8/Garrison | Triggered checkpoint 9965 | -8/Garrison | Garrison Relay disabled 10107 | -8/Garrison | Triggered checkpoint 10156 | -8/Garrison | Triggered checkpoint 10162 | -8/Garrison | X0-1V1 whisked you away to safety 10163 | -8/Garrison | Triggered checkpoint 10194 | -8/Garrison | Lost 3 parts (2u1w) 10201 | -8/Garrison | X0-1V1 mutated your Propulsion slot to Utility slot 10201 | -8/Garrison | Destroyed 13 combat bots 10249 | -8/Garrison | Identified exit to Recycling 10249 | -8/Garrison | X0-1V1 revealed exit location to -8/Recycling 10288 | -8/Garrison | Discovered exit to Recycling (range 97) 10288 | -8/Garrison | Discovered exit to Recycling (range 61) 10288 | -8/Garrison | Discovered exit to Recycling (range 25) 10335 | -8/Garrison | Triggered checkpoint 10364 | -8/Garrison | Triggered checkpoint 10415 | -8/Garrison | Garrison Relay disabled 10447 | -8/Garrison | X0-1V1 sent allied G-34 Mercenary (x2) 10548 | -8/Garrison | Garrison Relay disabled 10880 | -8/Garrison | Garrison Relay disabled 10988 | -8/Garrison | Garrison Relay disabled 11022 | -8/Garrison | Triggered checkpoint 11113 | -8/Garrison | Entered Recycling 11162 | -8/Recycling | Build established: Mutant 11214 | -8/Recycling | X0-1V1 upgraded hostiles (x1) 11342 | -8/Recycling | Core integrity restored by X0-1V1 (+107) 11370 | -8/Recycling | X0-1V1 sent allied B-86 Titan (x1) 11527 | -8/Recycling | Discovered new exit (range 16) 11646 | -8/Recycling | Build established: Scavenger-Tank 11691 | -8/Recycling | Identified exit to Scraptown 11691 | -8/Recycling | X0-1V1 revealed exit location to -8/Scraptown 11950 | -8/Recycling | Scanned before Scraplab entrance 12027 | -8/Recycling | Entered Scraplab 12112 | -8/Recycling | Entered Scraptown 12112 | -8/Scraptown | System corruption cleaned by C-Scrubber 12248 | -8/Scraptown | Build established: Mutant 12351 | -8/Scraptown | Discovered new exit (range 13) 12436 | -8/Scraptown | Visited Spacefarers 12452 | -8/Scraptown | Visited Bundlers 12536 | -8/Scraptown | Heard Great Nut preacher, LISTEN AND RECITE! 12815 | -8/Scraptown | Turned away by UFD registrar 12833 | -8/Scraptown | Visited Cyclists 12850 | -8/Scraptown | Visited SPCMW 12873 | -8/Scraptown | Visited TADAMA 13318 | -8/Scraptown | Entered Factory 13318 | -6/Factory | Evolved 4 slots: Propulsion x1, Weapon x3 13319 | -6/Factory | X0-1V1 sent you to a vault 13340 | -6/Factory | Found Unknown Protection 13340 | -6/Factory | Identified Hvy. Reactive Plating 13387 | -6/Factory | Discovered new exit (range 6) 13432 | -6/Factory | Identified exit to Garrison 13432 | -6/Factory | Entered Garrison 13485 | -6/Garrison | Spotted B-86 Titan 13574 | -6/Garrison | Garrison Relay disabled 13632 | -6/Garrison | Build established: Executioner 13646 | -6/Garrison | X0-1V1 activates XOMVISION 13665 | -6/Garrison | X0-1V1 sent you into danger 13677 | -6/Garrison | Rewired B-86 Titan 13701 | -6/Garrison | Destroyed B-86 Titan 13715 | -6/Garrison | Found Hvy. Reflective Plating 13730 | -6/Garrison | Lost 3 parts (1n1u1w) 13761 | -6/Garrison | Spotted B-75 Beast 13761 | -6/Garrison | X0-1V1 sent you into danger 13761 | -6/Garrison | Triggered checkpoint 13779 | -6/Garrison | Self-destructed Last Messages --------------- Garrison Door activated. 13768_ Critical hit (Burn: +37). 13769_ B-48 Gladiator destroyed. 13769_ Switching to secondary target: G-50 Soldier. 13769_ G-50 Soldier suffers critical hit (Destroy). 13769_ Destroyed Hvy. Laser. 13770_ X0-1V1's Piety Tracker destroyed. 13770_ X0-1V1 is mildly amused. 13772_ Lgt. Treads+ destroyed. 13773_ Hvy. Reflective Plating destroyed. 13773_ Critical hit (Burn: +37). 13775_ G-50 Soldier destroyed. 13775_ Switching to secondary target: B-75 Beast. 13775_ Tesla Rifle destroyed. 13776_ Critical hit (Burn: +37). 13776_ Med. Treads destroyed. 13778_ Critical hit (Burn: +37). Map ----- +----------------------------------------------------+ | ?????????????????????????????????????????????????? | | ?????????????????????????????????????????????????? | | ?????????????????????????????????????????????????? | | ?????????????????????????????????????????????????? | | ?????????????????????????????????????????????????? | | ?????????????????????????????????????????????????? | | ?????????????????????????????????????????????????? | | ?????????????????????????????????????????????????? | | ?????????????????????????????????????????????????? | | ?????????????????????????????????????????????????? | | ?????????????????????????????????????????????????? | | ?????????????????????????????????????????????????? | | ????????????????????????? ?????????????????????? | | ?????????????????????????d i ???????????????????? | | ????????????????????????? ???????????????????? | | ????????????????????????? ?? g??????????????? | | ????????????????????????? #? #??????????????? | | ????????????????????????# ##g #??????????????? | | ??????????????????g????? ???????????????? | | ?????????????????#g????? BB s ????????????????? | | ?????????????????# ????? BB s ?????????????????? | | ??????????????????g ??? ??????????????????? | | ???????????????????# ??# #????#??????????????? | | ??????????###?###### ## ## ###????????????? | | ??????????# ; ss ??????????? | | ??????????# ??????# @==* ??????????? | | ??????????# ??????# %%*% #??????????????? | | ??????????# #?????# ##Cg=!## ##??????????????? | | ??????????# #?????# ##%C C#???????????????????? | | ??????????# #?????# ##+####???????????????????? | | ??????????# #?????# ## #??????????????????????? | | ??????????# ?????# # #??????????????????????? | | ??????????# #?????# ####??????????????????????? | | ??????????# #?????# #?????????????????????????? | | ############"#######g #?????????????????????????? | | *^ #?????????????????????????? | | =[%^ #?????????????????????????? | | *!^ #?????????????????????????? | | ######################?????????????????????????? | | #??????????????????????????????????????????????? | | #??????????????????????????????????????????????? | | #???#############??????????????????????????????? | | =#??##" """ """""#????????????????????????????? | | !%####"" """ """ "#????????????????????????????? | | !%## ""#????????????????????????????? | | =## ! ""#????????????????????????????? | | *=## "#????????????????????????????? | | = ## #????????????????????????????? | | ## #????????????????????????????? | | ## ""#????????????????????????????? | +----------------------------------------------------+ Best States ------------- Heat Dissipation 149 Energy Generation 26 Energy Capacity 1610 Matter Stores 700 Matter Capacity 1000 Sight Range 22 Terrain Scan Density 10 Armor Coverage 600 Resistance: TH 25 Resistance: EX 10 Evasion (%) 55 Targeting Accuracy 8 Recoil Reduction 5 Offensive Hacking 10 Item Schematics ----------------- None Robot Schematics ------------------ M-28 Smith | -8/Recycling | Hacked Fabricated ------------ Nothing Repaired ---------- Med. Treads | 8% | -8/Materials Studied --------- Hvy. Assault Rifle | -8/Materials | Hacked Lgt. Treads | -8/Materials | Hacked Com. Wheel | -8/Materials | Hacked Alien Tech Used ----------------- None Achievements -------------- Chaos Is Inevitable Challenges ------------ None Game ------ Seed GyrokineticSpreadBay Manual? 0 Play Time 01:36:18 Cumulative 577.0 hours Start 2026.06.23 @ 18:18:36 End 2026.06.24 @ 00:49:40 Sessions 5 Manual Loads 0 Difficulty Rogue Special Mode None Game No. 494 Rogue 458 Adventurer 36 Explorer 0 Win Type - Total 5 Types 2/0/0/1/0/0/0/2/0/0 Lore% 84 Gallery% 72 Achievement% 64 Wizard Run 0 Options --------- Layout 2 ASCII 0 Keyboard 0 Movement Numpad Keybinds 0 Fullscreen 1 Font 48/Smallcaps Map View 50x44 Zoom Use 0% Tactical HUD 1 Map Filters NONE Filters NONE Steam 1 RUN: f3304566-927f-44fa-8bbd-b630d508ef6a